 Dungeon Crawl Stone Soup version 0.29-a0-234-g0dae59b3db (webtiles) character file.

Game seed: 4845777808603400511

1673 spaghetti the Slicer (level 9, -1/56 HPs)
             Began as an Octopode Fighter on Mar 3, 2022.
             Was an Initiate of Dithmenos.
             Succumbed to a scorpion's poison
             ... on level 6 of the Dungeon.
             The game lasted 00:10:49 (7133 turns).

spaghetti the Slicer (Octopode Fighter)             Turns: 7133, Time: 00:10:50

Health: -1/56      AC:  1    Str: 15      XL:     9   Next: 1%
Magic:  4/9        EV: 13    Int:  9 (10) God:    Dithmenos [......]
Gold:   279        SH:  5    Dex: 15 (16) Spells: 8/8 levels left

rFire   . . .      SeeInvis .   b - +3 falchion {long}
rCold   + . .      Faith    .   r - +0 buckler
rNeg    . . .      Spirit   +   (helmet restricted)
rPois   .          Reflect  .   p - amulet of guardian spirit
rElec   .          Harm     .   j - ring of willpower
rCorr   .          Rampage  .   c - ring of protection from cold
Will    +....                   (no ring)
Stlth   +++++.....              (no ring)
HPRegen 0.18/turn               (no ring)
MPRegen 0.11/turn               (no ring)
                                (no ring)
                                (no ring)

@: mighty, lethally poisoned (-1 -> -7), studying Short Blades
A: almost no armour, amphibious, 8 rings, camouflage 1, gelatinous body 1,
(nimble swimmer 1), tentacles
a: Renounce Religion


You were on level 6 of the Dungeon.
You worshipped Dithmenos.
Dithmenos was noncommittal.
You visited 2 branches of the dungeon, and saw 7 of its levels.

You collected 318 gold pieces.
You spent 39 gold pieces at shops.


Innate Abilities, Weirdness & Mutations

You cannot wear most types of armour.
You are amphibious.
You can wear up to eight rings at the same time.
Your skin changes colour to match your surroundings (Stealth+).
Your rubbery body absorbs attacks. (AC +1, EV +1)
((You are camouflaged when in or above water. (Stealth+)))
You have tentacles for arms and can constrict up to eight enemies at once.


   Skills:
 - Level 3.0 Fighting
 - Level 11.9(12.0) Short Blades
 - Level 2.0(7.8) Long Blades
 - Level 3.0 Dodging
 + Level 9.1 Stealth
 - Level 3.0 Shields
 - Level 3.1 Evocations


You had 8 spell levels left.
You didn't know any spells.
Your spell library contained the following spells:

 Spells                   Type           Power      Damage    Failure   Level
 Conjure Flame            Conj/Fire      0%         6-21      85%         3
 Ignite Poison            Fire/Tmut/Pois 0%         N/A       85%         3
 Sticky Flame             Conj/Fire      0%         2d3       99%         4

Inventory:

Hand Weapons
 a - a +0 long sword {long}
 b - a +3 falchion (weapon) {long}
   (You took it off an orc on level 4 of the Dungeon)
 f - a +1 dagger of draining {short}
   (You took it off a goblin on level 2 of the Dungeon)
 l - a +2 short sword of speed {short}
   (You took it off a kobold on level 2 of the Dungeon)
Missiles
 d - 211 stones (quivered) {throwing}
 i - 3 boomerangs {throwing}
 s - a throwing net {=f!fthrowing}
Armour
 r - a +0 buckler (worn)
Jewellery
 c - a ring of protection from cold (right tentacle)
   (You found it on level 5 of the Dungeon)
 j - a ring of willpower (left tentacle)
   (You found it on level 5 of the Dungeon)
 p - an amulet of guardian spirit (around mantle)
   (You found it on level 3 of the Dungeon)
Wands
 k - a wand of digging (4)
   (You found it on level 3 of the Dungeon)
 o - a wand of iceblast (10)
   (You found it on level 5 of the Dungeon)
Scrolls
 e - 3 scrolls of teleportation {@r4}
 g - 3 scrolls of enchant armour
 h - a scroll of torment {!r}
 m - a scroll of vulnerability {!r!r}
 t - a scroll of fear
 u - a scroll of identify {@r1}
Potions
 n - a potion of attraction {!q}
 q - a potion of brilliance
 v - a potion of haste {@q3}

Dungeon Overview and Level Annotations

Branches:
Dungeon (6/15)             Temple (1/1) D:6

Altars:
Ashenzari
Cheibriados
Dithmenos
Hepliaklqana
Makhleb
Nemelex Xobeh
Okawaru
Qazlal
Trog
Uskayaw
Wu Jian
Xom
Yredelemnul
Zin
The Shining One

Shops:
D:3 !

Annotations:
D:6 exclusion: door

...##.###.###..#
........h.......
#.....<[...# ###'###
#.>...[....# .....
#............#......
.....
#......s....#.......
...
#.#[..#...#...#....
...
#..###.....###....#
#'# ##.
[#..$..#@#....# #.# .
#'.....+##..#.# #.#
.h#####†..#.#'##
##'#### #.......[#
#...... #........##
#...... #.........#
#......
#...#.....###......
..'##.......##......
..#.#?#.....#.##......


There were no monsters in sight!


Message History

You feel sick. The scorpion stings you.
You are more poisoned.
The scorpion poisons you! 😕 HP[-6]
You take 6 damage, and now have 43/52 hp.
You barely miss the scorpion.
You squeeze the scorpion, but do no damage.
You constrict the scorpion.
You feel very sick. The scorpion barely misses you.
The hound closely misses you.
The scorpion stings you! 😮 HP[-12] MP[-2]
You take 12 damage, and now have 31/52 hp.
MASSIVE DAMAGE!! (PAUSE)
You lost 2 mp, and now have 6/8 mp.
The white imp shouts, "Run away, thou yeasty boil-brained wagtail!"
You hit the scorpion. You squeeze the scorpion.
You hear the rapid hiss of a distant avalanche of sand.
You constrict the scorpion.
You feel very sick. The hound closely misses you. The scorpion stings you.
You are more poisoned.
The scorpion poisons you! The white imp gestures at you.
The puff of frost hits you. You resist.
* * * LOW HITPOINT WARNING * * *
A scorpion comes into view.
The hound closely misses you. 😨 HP[-7] MP[-1]
You take 7 damage, and now have 24/52 hp.
You lost 1 mp, and now have 5/8 mp.
Unknown command.
Unknown command.
You hit the scorpion but do no damage. You constrict the scorpion.
You kill the scorpion!
Dithmenos accepts your kill.
* * * LOW HITPOINT WARNING * * *
You feel very sick. You block the hound's attack.
The white imp gestures at you. The puff of frost misses you.
The puff of frost misses the hound.
Your Stealth skill increases to level 9!
You have reached level 9!
Your experience leads to an increase in your attributes!
Your base attributes are Str 15, Int 10, Dex 14.
Increase (S)trength, (I)ntelligence, or (D)exterity?
You feel agile. x2 😨 HP[-4]
You now have 56 max hp (+4).
You feel very mighty all of a sudden.
* * * LOW HITPOINT WARNING * * *
You feel very sick. You block the hound's attack. The hound bites you.
* * * LOW HITPOINT WARNING * * *
The white imp gestures at you. The puff of frost hits you. You resist.
* * * LOW HITPOINT WARNING * * *
😱 HP[-10] MP[-1]
You take 10 damage, and now have 10/56 hp.
You lost 1 mp, and now have 4/9 mp.
Unknown command.
As you read the scroll of fear, it crumbles to dust.
You assume a fearsome visage.
The hound looks frightened!
The white imp looks frightened!
The scorpion looks frightened!
* * * LOW HITPOINT WARNING * * *
You feel very sick. 😱 HP[-4]
You take 4 damage, and now have 6/56 hp.
You are mighty.
You are lethally poisoned (6 -> -5).
You are studying Short Blades.
You have 4 tentacles available for constriction.
Your movement speed is average.
Your attack delay is about 0.9.
Your base attributes are Str 15, Int 10, Dex 16.
Unknown command.
Okay, then.
Okay, then.
Okay, then.
* * * LOW HITPOINT WARNING * * *
You feel sick.
You see here a scorpion corpse. 😱 HP[-1]
You take 1 damage, and now have 5/56 hp.
Unknown command.
* * * LOW HITPOINT WARNING * * *
You feel very sick.
There is an open door here. 😱 HP[-3]
You take 3 damage, and now have 2/56 hp.
Unknown command.
Okay, then.
There is a lethal amount of poison in your body!
There is a lethal amount of poison in your body!
* * * LOW HITPOINT WARNING * * *
You feel sick.
You see here a +0 dagger {short}. 😱 HP[-1]
You take 1 damage, and now have 1/56 hp.
You close the door.
You die...

Skill      XL: |  1  2  3  4  5  6  7  8 |
---------------+-------------------------+-----
Stealth        | 2 3 4 9 |  9.1
Short Blades   | 1 4 6 7 10 11 | 11.9
Evocations     | 1 3 |  3.1
Fighting       | |  3.0
Long Blades    | |  2.0
Dodging        | |  3.0
Shields        | |  3.0

Action                   |  1- 3 |  4- 6 |  7- 9 || total
-------------------------+-------+-------+-------++-------
Melee: Long sword        |    36 |       |     1 ||    37
       Constrict         |    15 |    40 |    42 ||    97
       Tentacles         |     9 |    31 |    53 ||    93
       Punch             |     1 |     1 |     6 ||     8
       Short sword       |    10 |   154 |   172 ||   336
       Dagger            |     8 |       |       ||     8
       Falchion          |       |       |     6 ||     6
Throw: Stone             |       |    14 |     6 ||    20
  Use: Scroll            |     7 |     6 |     4 ||    17
       Potion            |     1 |     2 |     9 ||    12
 Stab: Sleeping          |     7 |     7 |    18 ||    32
       Distracted        |       |     1 |     1 ||     2
Armor: Skin              |     7 |     8 |     2 ||    17
Dodge: Dodged            |    24 |    44 |    56 ||   124
Block: Buckler           |    12 |    19 |    24 ||    55

Levels and vault maps discovered:
D:1:      dpeg_arrival_castle, layout_loops_ring
D:2:      cheibrodos_greedy_goblins, layout_loops_ring,
          nicolae_ecumenical_pavilion
D:3:      layout_rooms, overflow_temple_1_default,
          mainiacjoe_overflow_concentric_impassable, serial_shops, shop
D:4:      lemuel_castle_with_subvaults [lemuel_castle_interior_carwin_2],
          layout_basic, uniq_ijyb, uniq_robin, uniq_blork_the_orc
D:5:      layout_basic
D:6:      layout_basic, minmay_temple_entry_trees, gup_ossuary_entry_pyramid,
          minmay_curled_crystal, minmay_fractal_squares_diagonal_5
Temple:   nicolae_temple_figure_eight

Notes
Turn   | Place    | Note
-------+----------+-------------------------------------------
     0 | D:1      | spaghetti the Octopode Fighter began the quest for the Orb.
     0 | D:1      | Reached XP level 1. HP: 16/16 MP: 1/1
     0 | D:1      | magus.rc [v1.9.6]
   139 | D:1      | Reached skill level 1 in Stealth
   288 | D:1      | Reached skill level 2 in Stealth
   306 | D:1      | Reached XP level 2. HP: 21/21 MP: 2/2
   324 | D:1      | Reached skill level 3 in Stealth
   784 | D:2      | Found a faded altar of an unknown god.
   795 | D:2      | Reached XP level 3. HP: 26/26 MP: 3/3
   921 | D:3      | Found Ipibuadgh's Distillery.
   927 | D:3      | Reached skill level 4 in Stealth
   930 | D:3      | Bought a potion of lignification for 39 gold pieces
   938 | D:3      | HP: 9/39 [frozen (5)]
   939 | D:3      | HP: 4/39 [frozen (5)]
  1452 | D:2      | Identified a scroll of acquirement
  1452 | D:2      | Acquired a manual of Short Blades
  1458 | D:2      | Reached skill level 1 in Short Blades
  1502 | D:2      | Reached XP level 4. HP: 29/31 MP: 4/4
  1587 | D:2      | Reached skill level 2 in Short Blades
  2022 | D:3      | Found a shimmering altar of Xom.
  2032 | D:3      | Noticed a scorpion
  2068 | D:3      | Reached skill level 3 in Short Blades
  2072 | D:3      | Killed a scorpion
  2073 | D:3      | Reached skill level 4 in Short Blades
  2073 | D:3      | Reached XP level 5. HP: 20/36 MP: 5/5
  2287 | D:3      | Reached skill level 5 in Short Blades
  2527 | D:3      | Found a broken altar of Ashenzari.
  2746 | D:4      | Noticed a centaur
  2754 | D:4      | HP: 9/36 [centaur (1)]
  2756 | D:4      | Killed a centaur
  2757 | D:4      | Reached skill level 6 in Short Blades
  2757 | D:4      | Reached skill level 1 in Evocations
  2757 | D:4      | Reached XP level 6. HP: 8/42 MP: 1/6
  3037 | D:4      | Reached skill level 2 in Evocations
  3372 | D:4      | You add the spells Conjure Flame, Ignite Poison and Sticky
                  | Flame to your library.
  3657 | D:4      | Noticed Ijyb
  3659 | D:4      | Noticed Robin
  3689 | D:4      | Killed Ijyb
  3690 | D:4      | Reached skill level 3 in Evocations
  3693 | D:4      | Killed Robin
  3694 | D:4      | Reached skill level 7 in Short Blades
  3704 | D:4      | HP: 9/42 [hobgoblin[Robin] (3)]
  4075 | D:4      | Reached XP level 7. HP: 26/46 MP: 4/7
  4149 | D:4      | Reached skill level 8 in Short Blades
  4388 | D:4      | Reached skill level 9 in Short Blades
  4765 | D:4      | Noticed Blork the orc
  4776 | D:4      | Killed Blork the orc
  4777 | D:4      | Reached skill level 10 in Short Blades
  5023 | D:4      | Reached XP level 8. HP: 52/52 MP: 8/8
  5132 | D:4      | Reached skill level 11 in Short Blades
  5304 | D:5      | Entered Level 5 of the Dungeon
  5378 | D:5      | Reached skill level 5 in Stealth
  5386 | D:5      | HP: 10/52 [killer bee (4)]
  5389 | D:5      | Reached skill level 6 in Stealth
  6039 | D:5      | Reached skill level 7 in Stealth
  6359 | D:6      | Noticed a hornet
  6362 | D:6      | Reached skill level 8 in Stealth
  6468 | D:6      | Found a staircase to the Ecumenical Temple.
  6484 | Temple   | Entered the Ecumenical Temple
  6714 | Temple   | Became a worshipper of Dithmenos the Shadowed
  6781 | D:6      | HP: 13/52 [hornet (13)]
  6785 | D:6      | HP: 6/52 [poisoned by a hornet]
  6790 | D:6      | HP: 3/52 [poisoned by a hornet]
  7128 | D:6      | Reached skill level 9 in Stealth
  7128 | D:6      | Reached XP level 9. HP: 20/56 MP: 5/9
  7128 | D:6      | HP: 13/56 [hound (3)]
  7129 | D:6      | HP: 6/56 [poisoned by a scorpion]
  7131 | D:6      | HP: 2/56 [poisoned by a scorpion]
  7133 | D:6      | Succumbed to a scorpion's poison

Vanquished Creatures
  An orc warrior (D:6)
  A centaur (D:4)
  An ogre (D:4)
  Blork the orc (D:4)
  3 scorpions
  6 killer bees (D:5)
  2 howler monkeys
  7 hounds
  2 orc priests (D:4)
  2 gnoll shamans (D:4)
  Ijyb (D:4)
  An orc wizard (D:6)
  Robin (D:4)
  19 gnolls
  8 adders
  A shadow imp (D:6)
  2 ufetubi (D:6)
  3 worms
  2 dart slugs (D:3)
  21 orcs
  5 ball pythons
  6 endoplasms
  2 giant cockroaches
  7 hobgoblins
  18 jackals
  3 quokkas
  4 bats
  4 frilled lizards
  24 goblins
  7 kobolds
  5 rats
170 creatures vanquished.

Vanquished Creatures (others)
  A plant (D:4)
1 creature vanquished.

Grand Total: 171 creatures vanquished

Table legend:
 A = Non-vault XP
 B = Vault XP
 C = Vault XP percentage of total XP
 D = Non-vault monster count
 E = Vault monster count
 F = Vault count percentage of total count
                 A         B        C        D         E       F
            +---------+---------+-------+---------+---------+-------
      Total |    1490 |     901 |  37.7 |      99 |      71 |  41.8
            +---------+---------+-------+---------+---------+-------
        D:1 |      30 |       0 |   0.0 |      12 |       0 |   0.0
        D:2 |      42 |       9 |  17.6 |      20 |       5 |  20.0
        D:3 |     167 |       0 |   0.0 |      21 |       0 |   0.0
        D:4 |     342 |     876 |  71.9 |      28 |      64 |  69.6
        D:5 |     522 |       0 |   0.0 |      12 |       0 |   0.0
        D:6 |     387 |      16 |   4.0 |       6 |       2 |  25.0
            +---------+---------+-------+---------+---------+-------

Illustrated notes

Table legend:
 A = Kills in this place as a percentage of kills in entire the game.
 B = Kills by you in this place as a percentage of kills by you in the entire game.
 C = Kills by friends in this place as a percentage of kills by friends in the entire game.
 D = Other kills in this place as a percentage of other kills in the entire game.
 E = Experience gained in this place as a percentage of experience gained in the entire game.
 F = Experience gained in this place divided by the number of levels of this place that you have seen.
                   A       B       C       D       E      F
               +-------+-------+-------+-------+-------+----------------------
         Total | 100.0 | 100.0 |   N/A |   N/A | 100.0 | 341.6
       Dungeon | 100.0 | 100.0 |   N/A |   N/A | 100.0 | 398.5
               +-------+-------+-------+-------+-------+----------------------

Table legend: (Time is in decaauts)
 A = Elapsed time spent in this place.
 B = Non-inter-level travel time spent in this place.
 C = Inter-level travel time spent in this place.
 D = Time resting spent in this place.
 E = Time spent auto-exploring this place.
 F = Levels seen in this place.
 G = Mean time per level.
                   A        B        C        D        E       F      G
               +--------+--------+--------+--------+--------+-----+--------+
         Total |   6964 |   6732 |    232 |   1690 |   4182 |   7 |  994.9 |
       Dungeon |   6723 |   6511 |    212 |   1690 |   3973 |   6 | 1120.5 |
        Temple |    240 |    220 |     20 |      0 |    209 |   1 |  240.0 |
               +--------+--------+--------+--------+--------+-----+--------+

Top non-repeatable levels by time:
     D:4: 2226 daAuts
     D:3: 1384 daAuts
     D:5: 1104 daAuts
     D:1: 789 daAuts
     D:2: 783 daAuts
     D:6: 435 daAuts
  Temple: 240 daAuts
